 Dungeon Crawl Stone Soup version 0.31-a0-4-gefa6de2278 (webtiles) character file.

Game seed: 9581381089327968097

329 Noulsu the Conjurer (level 6, -1/45 HPs)
             Began as a Ghoul Conjurer on May 3, 2023.
             Slain by makewrite's ghost (10 damage)
             ... on level 3 of the Dungeon.
             The game lasted 00:34:21 (5266 turns).

Noulsu the Conjurer (Ghoul Conjurer)                Turns: 5266, Time: 00:34:22

Health: -1/45      AC:  3    Str: 11    XL:     6   Next: 50%
Magic:  1/8        EV: 11    Int: 15    God:
Gold:   255        SH:  0    Dex:  7    Spells: 3/10 levels left

rFire   + . .        s - +2 rapier (elec) {!a}
rCold   + . .        (no shield)
rNeg    + + +        D - +0 robe
rPois   ∞            E - +0 helmet
rElec   .            (no cloak)
rCorr   .            (no gloves)
SInv    .            (no boots)
Will    .....        (no amulet)
Stlth   ++           j - ring of protection from fire
HPRegen 0.00/turn    (no ring)
MPRegen 0.11/turn

%: no passive effects
@: brilliant, inhibited regen
A: claws 1, cold resistance 1, negative energy resistance 3, inhibited
regeneration, torment resistance 2, devour on kill
a: no special abilities


You were on level 3 of the Dungeon.
You visited 1 branch of the dungeon, and saw 4 of its levels.

You collected 255 gold pieces.

Inventory:

Hand Weapons
 b - a +0 hand axe {!a}
 c - a +0 trident {!a}
 d - a +0 quarterstaff {!a}
 s - a +2 rapier of electrocution (weapon) {!a}
Missiles
 h - a throwing net
 m - 9 poisoned darts
 r - 5 curare-tipped darts
Armour
 D - a +0 robe (worn)
 E - a +0 helmet (worn)
Jewellery
 j - a ring of protection from fire (left claw)
Wands
 o - a wand of iceblast (13)
Scrolls
 e - a scroll of teleportation {unknown}
 f - a scroll of immolation
 g - a scroll of fear {unknown}
 k - a scroll of enchant weapon {unknown}
 n - a scroll of silence {unknown}
 q - a scroll of enchant armour {unknown}
 y - a scroll of identify
 L - a scroll of vulnerability
 P - 3 scrolls of poison
Potions
 i - 3 potions of attraction
 p - a potion of curing {unknown}
 t - a potion of mutation {unknown}


   Skills:
 - Level 1.7 Dodging
 - Level 2.1 Stealth
 + Level 2.6 Spellcasting
 - Level 5.0 Conjurations
 - Level 3.0 Hexes


You had 3 spell levels left.
You knew the following spells:

 Your Spells              Type           Power      Damage    Failure   Level
H - Magic Dart            Conj           100%       1d8       2%          1
J - Fulminant Prism       Conj/Hex       10%        3d9       38%         4
L - Searing Ray           Conj           50%        2d6       4%          2

Your spell library contained the following spells:

 Spells                   Type           Power      Damage    Failure   Level
 Dazzling Flash           Conj/Hex       40%        N/A       12%         3
 Iskenderun's Mystic Bla  Conj/Tloc      14%        2d5       58%         4
 Silence                  Hex/Air        4%         N/A       97%         5
 Agony                    Necr           2%         N/A       99%         5


Dungeon Overview and Level Annotations

Branches:
Dungeon (4/15)
 Temple: D:4-7

Altars:

Annotations:
D:3 makewrite's ghost, weakling AtMo


Innate Abilities, Weirdness & Mutations

You are immune to poison.
You have sharp fingernails.
Your flesh is cold resistant. (rC+)
You are immune to negative energy. (rN+++)
You do not regenerate when monsters are visible.
You are immune to unholy pain and torment.
You thrive by killing the living.


Message History

You see here a +0 dagger {!a}.
Magic restored.
There is a stone staircase leading down here.
You climb downwards.
The gnoll shouts!
There is a stone staircase leading up here. !
Aim: a gnoll, wielding a +0 spear (81% to hit)
The searing ray hits the gnoll.
The gnoll is heavily wounded. (Press h to maintain the ray.)
The searing ray hits the gnoll!
You kill the gnoll!
A giant cockroach comes into view.
Giant cockroach 1
Aim: a giant cockroach (wandering, hasn't noticed you, 100% to hit)
The magic dart hits the giant cockroach.
The giant cockroach is heavily wounded.
The giant cockroach waves its antennae.
Casting: Magic Dart (safe; 2% risk of failure)
Aim: a giant cockroach (heavily wounded, 100% to hit)
The magic dart hits the giant cockroach.
You kill the giant cockroach!
No danger in sight...
You start resting.
An orc is nearby! !
Aim: an orc, wielding a +0 short sword and wearing a +0 chain mail (about 35% to evade your +2 rapier of electrocution)
You hit the orc but do no damage. The orc closely misses you.
The orc hits you with a +0 short sword.
Aim: an orc, wielding a +0 short sword and wearing a +0 chain mail (about 35% to evade your +2 rapier of electrocution)
You closely miss the orc. The orc hits you with a +0 short sword.
Aim: an orc, wielding a +0 short sword and wearing a +0 chain mail (about 35% to evade your +2 rapier of electrocution)
You hit the orc but do no damage. The orc hits you with a +0 short sword.
Aim: an orc, wielding a +0 short sword and wearing a +0 chain mail (about 35% to evade your +2 rapier of electrocution)
You hit the orc but do no damage. The orc hits you but does no damage.
Aim: an orc, wielding a +0 short sword and wearing a +0 chain mail (about 35% to evade your +2 rapier of electrocution)
You closely miss the orc. The orc closely misses you.
Aim: an orc, wielding a +0 short sword and wearing a +0 chain mail (about 35% to evade your +2 rapier of electrocution)
You barely miss the orc. The orc barely misses you.
The orc hits you with a +0 short sword.
Aim: an orc, wielding a +0 short sword and wearing a +0 chain mail (84% to hit)
You miscast Searing Ray.
You are very lightly contaminated with residual magic.
Nothing appears to happen.
The orc hits you with a +0 short sword.
Aim: an orc, wielding a +0 short sword and wearing a +0 chain mail (84% to hit)
The searing ray hits the orc.
You kill the orc! (Press h to maintain the ray.) No danger in sight...
You start resting.
A gnoll is nearby! !
You climb upwards.
Level annotation: makewrite's ghost, weakling AtMo Makewrite's ghost turns its malevolent gaze towards you.
There is a stone staircase leading down here.
Makewrite's ghost 1 Your magical contamination has completely faded away.
Makewrite's ghost says, "You must not succeed where I failed!"
No danger in sight... !
No danger in sight... !
No danger in sight... !
No danger in sight... !
No danger in sight...
There is a stone staircase leading up here. !
Okay, then.
Okay, then.
Aim: makewrite's ghost (89% to hit)
The searing ray hits makewrite's ghost.
Makewrite's ghost is lightly damaged. (Press h to maintain the ray.) Makewrite's ghost hits you.
The searing ray hits makewrite's ghost.
Makewrite's ghost is moderately damaged.
Makewrite's ghost hits you!
The searing ray hits makewrite's ghost.
Makewrite's ghost is moderately damaged.
Makewrite's ghost hits you!
The searing ray hits makewrite's ghost.
Makewrite's ghost is moderately damaged.
You finish channelling your searing ray.
Makewrite's ghost hits you.
* * * LOW HITPOINT WARNING * * *
It was a potion of brilliance.
You feel clever all of a sudden. Makewrite's ghost hits you!
You die...

.........##..#................#
#
.........##....##.##.##########
# .........####..##.##(# ##
.........# #..##.##.# #.
.........# #........########
##. ######'###
##.##.##)....##.###..
#.#######.##.##............#
#.......#....######....##..#
#.........#@## #.......##.##
##......#.#W####.......#..#
#.....................>...#
#.#######.#............†..# #.#
#.######......###### #.#
#...W..#......###.8. #.#
######.#......##.... #.#
#.#......#..### #.#
#W#......#.....


You could see makewrite's ghost.

Vanquished Creatures
  A kobold brigand (D:3)
  A howler monkey (D:3)
  A gnoll bouda (D:4)
  5 adders
  5 gnolls
  A white imp (D:3)
  A dart slug (D:2)
  9 orcs
  6 ball pythons
  4 bats
  5 endoplasms
  8 giant cockroaches
  8 hobgoblins
  3 jackals (D:1)
  A quokka (D:1)
  A frilled lizard (D:2)
  7 goblins
  10 kobolds
  4 rats
81 creatures vanquished.

Vanquished Creatures (others)
  2 fulminant prisms (D:3)
  2 fungi (D:3)
  2 plants (D:3)
6 creatures vanquished.

Grand Total: 87 creatures vanquished

Notes
Turn   | Place    | Note
-------+----------+-------------------------------------------
     0 | D:1      | Noulsu the Ghoul Conjurer began the quest for the Orb.
     0 | D:1      | Reached XP level 1. HP: 14/14 MP: 2/2
   161 | D:1      | Reached skill level 2 in Spellcasting
   165 | D:1      | Reached XP level 2. HP: 20/20 MP: 0/4
   180 | D:1      | Learned a level 2 spell: Searing Ray
   913 | D:1      | Reached XP level 3. HP: 26/26 MP: 0/5
  1136 | D:2      | Reached skill level 4 in Conjurations
  1447 | D:2      | Reached XP level 4. HP: 33/33 MP: 1/6
  1541 | D:2      | Found a faded altar of an unknown god.
  2989 | D:3      | Reached skill level 5 in Conjurations
  2989 | D:3      | Reached XP level 5. HP: 36/38 MP: 3/7
  2994 | D:3      | Learned a level 4 spell: Fulminant Prism
  3908 | D:3      | Found a runed translucent gate.
  3908 | D:3      | Found a runed translucent gate.
  3911 | D:3      | Noticed makewrite's ghost (weakling AtMo)
  3913 | D:3      | Found a runed translucent gate.
  3913 | D:3      | Noticed a kobold brigand
  4045 | D:3      | Killed a kobold brigand
  4046 | D:3      | Reached skill level 2 in Hexes
  4872 | D:4      | Reached XP level 6. HP: 45/45 MP: 2/8
  5026 | D:3      | Reached skill level 3 in Hexes
  5266 | D:3      | Slain by makewrite's ghost

Illustrated notes

Levels and vault maps discovered:
D:1:      grunt_arrival_lava_bath, layout_basic
D:2:      layout_basic, ebering_ecumenical_altar_mist
D:3:      layout_basic, gammafunk_ghost_nasty_kobolds, kennysheep_generic_room_8
D:4:      layout_rooms, uniq_ijyb

Skill      XL: |  1  2  3  4  5  6 |
---------------+-------------------+-----
Spellcasting   | 2 |  2.6
Conjurations   | 4 5 |  5.0
Hexes          | 2 3 |  3.0
Dodging        | |  1.7
Stealth        | |  2.1

Action                     |  1- 3 |  4- 6 || total
---------------------------+-------+-------++-------
  Melee: Unarmed           |     9 |     4 ||    13
         Trident           |       |    19 ||    19
         Rapier            |       |    20 ||    20
   Cast: Magic Dart        |    43 |    67 ||   110
         Searing Ray       |     6 |    25 ||    31
         Fulminant Prism   |       |     2 ||     2
    Use: Scroll            |       |     4 ||     4
         Potion            |       |     2 ||     2
   Stab: Sleeping          |       |     3 ||     3
 Armour: Robe              |     6 |    22 ||    28
  Dodge: Dodged            |     8 |    40 ||    48

Table legend: (Time is in decaauts)
 A = Elapsed time spent in this place.
 B = Non-inter-level travel time spent in this place.
 C = Inter-level travel time spent in this place.
 D = Time resting spent in this place.
 E = Time spent auto-exploring this place.
 F = Levels seen in this place.
 G = Mean time per level.
                   A        B        C        D        E       F      G
               +--------+--------+--------+--------+--------+-----+--------+
         Total |   5289 |   2917 |   2372 |   1642 |      0 |   4 | 1322.2 |
       Dungeon |   5289 |   2917 |   2372 |   1642 |      0 |   4 | 1322.2 |
               +--------+--------+--------+--------+--------+-----+--------+

Top non-repeatable levels by time:
     D:3: 2126 daAuts
     D:2: 1875 daAuts
     D:1: 1135 daAuts
     D:4: 151 daAuts
